ATL
LONG ISLAND DUCKS @ LANCASTER BARNSTORMERS
07/06/2072
 
TOP OF THE 1ST
Long Island Ducks batting - Pitching for Southern Maryland Blue Crabs : RHP Jason Ladd
Pitching: RHP Jason Ladd
Batting: RHB Mike Mehlhorn 0-0: Called Strike
0-1: Fly out, F7 (Line Drive, 7, EV 86.9 MPH)
Batting: LHB Travis Magiera 0-0: Ball
1-0: Ball
2-0: Foul Ball, location: 2F
2-1: SINGLE (Groundball, 3S, EV 68.8 MPH) (infield hit)
Batting: RHB Jesse Norris 0-0: Ball
1-0: Foul Ball, location: 2F
1-1: Ball
2-1: Fly out, F9 (Line Drive, 9, EV 103.1 MPH)
Batting: LHB Travis Cairns 0-0: Ball
1-0: DOUBLE (Groundball, 3L, EV 105.6 MPH)
Travis Magiera to third
Runner from 3rd tries for Home, SAFE, throw by RF to home
Batting: RHB Bernardo Ferros 0-0: Ball
1-0: Foul Ball, location: 2F
1-1: Ball
2-1: Foul Ball, location: 2F
2-2: Foul Ball, location: 2F
2-2: Foul Ball, location: 2F
2-2: Ground out 4-3 (Groundball, 4, EV 84.4 MPH)
Top of the 1st over - 1 run, 2 hits, 0 errors, 1 left on base; Long Island 1 - Southern Maryland 0
BOTTOM OF THE 1ST
Southern Maryland Blue Crabs batting - Pitching for Long Island Ducks : RHP Hector Aguilar
Pitching: RHP Hector Aguilar
Batting: LHB Mike Morrison 0-0: Ball
1-0: Called Strike
1-1: Ball
2-1: Called Strike
2-2: Strikes out swinging
Batting: RHB Greg Bares 0-0: Foul Ball, location: 2F
0-1: Ball
1-1: Ball
2-1: Ball
3-1: Base on Balls
Batting: LHB Brian McCarver 0-0: Ball
1-0: Called Strike
Greg Bares steals 2nd base
1-1: Foul Ball, location: 2F
1-2: Ball
2-2: DOUBLE (Line Drive, 78D, EV 113.8 MPH)
Greg Bares scores
Batting: RHB Shane Attard 0-0: Foul Ball, location: 2F
0-1: Ball
1-1: Ball
2-1: Ball
3-1: SINGLE (Groundball, 6D, EV 97.5 MPH)
Brian McCarver to third
Runner from 3rd tries for Home, SAFE, throw by LF to home
Batting: SHB Alex Chavez 0-0: Foul Ball, location: 2F
0-1: Foul Ball, location: 2F
0-2: Foul Ball, location: 2F
0-2: Fly out, F8 (Flyball, 78D, EV 95.0 MPH)
Batting: RHB Joe Sabella 0-0: Called Strike
0-1: Swinging Strike
0-2: Strikes out swinging
Bottom of the 1st over - 2 runs, 2 hits, 0 errors, 1 left on base; Long Island 1 - Southern Maryland 2
TOP OF THE 2ND
Long Island Ducks batting - Pitching for Southern Maryland Blue Crabs : RHP Jason Ladd
Batting: RHB William Castillo 0-0: SINGLE (Groundball, 56, EV 103.8 MPH) (infield hit)
Batting: RHB Mike Gregory 0-0: Called Strike
0-1: Swinging Strike
0-2: Ball
1-2: Ground out 4-3 (Groundball, 4S, EV 87.5 MPH)
William Castillo to second
Batting: RHB Cory Alongi 0-0: Swinging Strike
0-1: DOUBLE (Line Drive, 89XD, EV 106.3 MPH)
William Castillo scores
Batting: RHB Jason Bidwell 0-0: Foul Ball, location: 2F
0-1: Ball
1-1: Fly out, F8 (Line Drive, 8RM, EV 95.0 MPH)
Batting: RHB Mike Mehlhorn 0-0: Foul Ball, location: 2F
0-1: SINGLE (Line Drive, 78S, EV 110.6 MPH)
Cory Alongi to third
Batting: LHB Travis Magiera 0-0: Swinging Strike
0-1: Ball
1-1: Ball
2-1: SINGLE (Groundball, 34, EV 99.4 MPH) (infield hit)
Cory Alongi scores
Mike Mehlhorn to second
Batting: RHB Jesse Norris 0-0: Called Strike
0-1: Called Strike
0-2: Foul Ball, location: 2F
0-2: Strikes out swinging
Top of the 2nd over - 2 runs, 4 hits, 0 errors, 2 left on base; Long Island 3 - Southern Maryland 2
BOTTOM OF THE 2ND
Southern Maryland Blue Crabs batting - Pitching for Long Island Ducks : RHP Hector Aguilar
Batting: RHB Nelson Chavez 0-0: Ball
1-0: Ball
2-0: Ground out 4-3 (Groundball, 13, EV 84.4 MPH)
Batting: LHB Jonathan Ramires 0-0: Called Strike
0-1: Called Strike
0-2: Ball
1-2: Strikes out swinging
Batting: RHB Diego Santana 0-0: Foul Ball, location: 2F
0-1: SOLO HOME RUN (Line Drive, 78XD, EV 101.3 MPH), Distance : 406 ft
Batting: LHB Mike Morrison 0-0: Ball
1-0: Ball
2-0: Ball
3-0: Called Strike
3-1: Called Strike
3-2: Strikes out swinging
Bottom of the 2nd over - 1 run, 1 hit, 0 errors, 0 left on base; Long Island 3 - Southern Maryland 3
TOP OF THE 3RD
Long Island Ducks batting - Pitching for Southern Maryland Blue Crabs : RHP Jason Ladd
Batting: LHB Travis Cairns 0-0: Ball
1-0: DOUBLE (Flyball, 8RXD, EV 100.6 MPH)
Batting: RHB Bernardo Ferros 0-0: Ball
1-0: Fly out, F8 (Flyball, 89XD, EV 86.3 MPH)
Runner from 2nd tags up, SAFE at 3rd, no throw by CF
Batting: RHB William Castillo 0-0: Called Strike
0-1: Called Strike
0-2: Ball
1-2: Ball
2-2: Foul Ball, location: 2F
2-2: Ball
3-2: Strikes out looking
Batting: RHB Mike Gregory 0-0: Ground out 6-3 (Groundball, 56D, EV 78.8 MPH)
Top of the 3rd over - 0 runs, 1 hit, 0 errors, 1 left on base; Long Island 3 - Southern Maryland 3
BOTTOM OF THE 3RD
Southern Maryland Blue Crabs batting - Pitching for Long Island Ducks : RHP Hector Aguilar
Batting: RHB Greg Bares 0-0: DOUBLE (Flyball, 8LXD, EV 114.4 MPH)
Batting: LHB Brian McCarver 0-0: Foul Ball, location: 2F
0-1: Ball
1-1: Foul Ball, location: 2F
1-2: Ball
2-2: Fly out, F6 (Popup, 6, EV 75.6 MPH)
Batting: RHB Shane Attard 0-0: Called Strike
0-1: Ball
1-1: Ball
Greg Bares steals 3rd base
2-1: Called Strike
2-2: Strikes out looking
Batting: SHB Alex Chavez 0-0: Called Strike
0-1: Ball
1-1: Foul Ball, location: 2F
1-2: Strikes out looking
Bottom of the 3rd over - 0 runs, 1 hit, 0 errors, 1 left on base; Long Island 3 - Southern Maryland 3
TOP OF THE 4TH
Long Island Ducks batting - Pitching for Southern Maryland Blue Crabs : RHP Jason Ladd
Batting: RHB Cory Alongi 0-0: Foul Ball, location: 2F
0-1: Called Strike
0-2: Ball
1-2: Ball
2-2: Foul Ball, location: 2F
2-2: Ball
3-2: Ground out 4-3 (Groundball, 4S, EV 69.4 MPH)
Batting: RHB Jason Bidwell 0-0: Ball
1-0: Ball
2-0: SOLO HOME RUN (Flyball, 7D, EV 96.3 MPH), Distance : 369 ft
Batting: RHB Mike Mehlhorn 0-0: Foul Ball, location: 2F
0-1: Ball
1-1: Ball
2-1: Ball
3-1: SINGLE (Line Drive, 89M, EV 85.6 MPH)
Batting: LHB Travis Magiera 0-0: Ball
Wild Pitch!
Mike Mehlhorn to second
1-0: Foul Ball, location: 2F
1-1: Called Strike
1-2: Foul Ball, location: 2F
1-2: Ball
2-2: Strikes out looking
Batting: RHB Jesse Norris 0-0: Ball
1-0: Ball
2-0: Swinging Strike
2-1: Ball
3-1: Base on Balls
Batting: LHB Travis Cairns 0-0: Ball
1-0: Called Strike
1-1: Called Strike
1-2: Strikes out swinging
Top of the 4th over - 1 run, 2 hits, 0 errors, 2 left on base; Long Island 4 - Southern Maryland 3
BOTTOM OF THE 4TH
Southern Maryland Blue Crabs batting - Pitching for Long Island Ducks : RHP Hector Aguilar
Batting: RHB Joe Sabella 0-0: Ball
1-0: Fly out, F8 (Line Drive, 8RD, EV 96.3 MPH)
Batting: RHB Nelson Chavez 0-0: Ball
1-0: Swinging Strike
1-1: Foul Ball, location: 2F
1-2: Ball
2-2: SINGLE (Flyball, 4MD, EV 91.9 MPH)
Batting: LHB Jonathan Ramires 0-0: Swinging Strike
0-1: Foul Ball, location: 2F
0-2: Ball
1-2: Ball
2-2: Foul Ball, location: 2F
2-2: Strikes out swinging
Batting: RHB Diego Santana 0-0: Called Strike
0-1: Ball
1-1: Ball
2-1: Ball
3-1: Base on Balls
Nelson Chavez to second
Batting: LHB Mike Morrison 0-0: Ball
1-0: Foul Ball, location: 2F
1-1: Swinging Strike
1-2: Foul Ball, location: 2F
1-2: Fly out, F8 (Line Drive, 8LM, EV 100.6 MPH)
Bottom of the 4th over - 0 runs, 1 hit, 0 errors, 2 left on base; Long Island 4 - Southern Maryland 3
TOP OF THE 5TH
Long Island Ducks batting - Pitching for Southern Maryland Blue Crabs : RHP Jason Ladd
Pitching: RHP Rich Raddatz
Batting: RHB Bernardo Ferros 0-0: Called Strike
0-1: Swinging Strike
0-2: Strikes out swinging
Batting: RHB William Castillo 0-0: Called Strike
0-1: Foul Ball, location: 2F
0-2: Ball
1-2: Ball
2-2: Foul Ball, location: 2F
2-2: Fly out, F7 (Flyball, 78M, EV 76.3 MPH)
Batting: RHB Mike Gregory 0-0: Swinging Strike
0-1: Ball
1-1: Called Strike
1-2: Ball
2-2: SINGLE (Line Drive, 56, EV 94.4 MPH)
Batting: RHB Cory Alongi 0-0: Ball
Mike Gregory is caught stealing 2nd base 2-4
Top of the 5th over - 0 runs, 1 hit, 0 errors, 0 left on base; Long Island 4 - Southern Maryland 3
BOTTOM OF THE 5TH
Southern Maryland Blue Crabs batting - Pitching for Long Island Ducks : RHP Hector Aguilar
Batting: RHB Greg Bares 0-0: Ball
1-0: Fly out, F9 (Flyball, 89M, EV 93.1 MPH)
Pitching: RHP Willie Sanchez
Batting: LHB Brian McCarver 0-0: Ball
1-0: Ball
2-0: Foul Ball, location: 2F
2-1: Called Strike
2-2: Foul Ball, location: 2F
2-2: Fly out, F7 (Flyball, 78S, EV 77.5 MPH)
Batting: RHB Shane Attard 0-0: Called Strike
0-1: Ball
1-1: Called Strike
1-2: Foul Ball, location: 2F
1-2: Strikes out swinging
Bottom of the 5th over - 0 runs, 0 hits, 0 errors, 0 left on base; Long Island 4 - Southern Maryland 3
TOP OF THE 6TH
Long Island Ducks batting - Pitching for Southern Maryland Blue Crabs : RHP Rich Raddatz
Batting: RHB Cory Alongi 0-0: Called Strike
0-1: Foul Ball, location: 2F
0-2: Ball
1-2: Ground out 6-3 (Groundball, 6, EV 111.9 MPH)
Batting: RHB Jason Bidwell 0-0: Ball
1-0: Ball
2-0: Foul Ball, location: 2F
2-1: SINGLE (Groundball, 34D, EV 96.3 MPH)
Batting: RHB Mike Mehlhorn 0-0: Called Strike
0-1: Foul Ball, location: 2F
0-2: Foul Ball, location: 2F
0-2: Strikes out swinging
Batting: LHB Travis Magiera 0-0: Ball
1-0: SINGLE (Groundball, 3D, EV 93.8 MPH)
Jason Bidwell to second
Batting: RHB Jesse Norris 0-0: Ball
1-0: Fly out, F7 (Flyball, 7, EV 81.9 MPH)
Top of the 6th over - 0 runs, 2 hits, 0 errors, 2 left on base; Long Island 4 - Southern Maryland 3
BOTTOM OF THE 6TH
Southern Maryland Blue Crabs batting - Pitching for Long Island Ducks : RHP Willie Sanchez
Batting: SHB Alex Chavez 0-0: Foul Ball, location: 2F
0-1: Ball
1-1: Ball
2-1: Foul Ball, location: 2F
2-2: Ball
3-2: SINGLE (Groundball, 6MD, EV 101.9 MPH)
Batting: RHB Joe Sabella 0-0: Ball
1-0: Swinging Strike
1-1: Foul Ball, location: 2F
1-2: Foul Ball, location: 2F
1-2: Ball
2-2: Strikes out swinging
Batting: RHB Nelson Chavez 0-0: Ball
1-0: Foul Ball, location: 2F
1-1: Called Strike
1-2: Ball
2-2: Strikes out looking
Batting: LHB Jonathan Ramires 0-0: Ball
1-0: Called Strike
1-1: Called Strike
1-2: Ball
2-2: Ball
3-2: Foul Ball, location: 2F
3-2: Strikes out swinging
Bottom of the 6th over - 0 runs, 1 hit, 0 errors, 1 left on base; Long Island 4 - Southern Maryland 3
TOP OF THE 7TH
Long Island Ducks batting - Pitching for Southern Maryland Blue Crabs : RHP Rich Raddatz
Batting: LHB Travis Cairns 0-0: Ball
1-0: Foul Ball, location: 2F
1-1: Ball
2-1: Reached on error, E4 (Groundball, 34, EV 106.9 MPH)
Batting: RHB Bernardo Ferros 0-0: Grounds into double play, 4-6-3 (Groundball, 4, EV 81.9 MPH)
Batting: RHB William Castillo 0-0: Ball
1-0: Foul Ball, location: 2F
1-1: Ball
2-1: Ground out 6-3 (Groundball, 6, EV 104.4 MPH)
Top of the 7th over - 0 runs, 0 hits, 1 error, 0 left on base; Long Island 4 - Southern Maryland 3
BOTTOM OF THE 7TH
Southern Maryland Blue Crabs batting - Pitching for Long Island Ducks : RHP Willie Sanchez
Batting: RHB Diego Santana 0-0: Foul Ball, location: 2F
0-1: Called Strike
0-2: Ball
1-2: Foul Ball, location: 2F
1-2: Foul Ball, location: 2F
1-2: DOUBLE (Line Drive, 5D, EV 106.9 MPH)
Batting: LHB Mike Morrison 0-0: Ball
1-0: Ball
2-0: Ball
3-0: Called Strike
3-1: Ball
Batting: RHB Greg Bares 0-0: Called Strike
0-1: Swinging Strike
0-2: Ball
1-2: Strikes out swinging
Batting: LHB Brian McCarver 0-0: Swinging Strike
0-1: Ball
1-1: Ball
2-1: SINGLE (Line Drive, 56D, EV 96.3 MPH)
Diego Santana to third
Mike Morrison to second
Batting: RHB Shane Attard 0-0: Foul Ball, location: 2F
0-1: Called Strike
0-2: Ball
1-2: Foul Ball, location: 2F
1-2: Strikes out swinging
Pitching: RHP Andy Markle
Batting: SHB Alex Chavez 0-0: Ball
1-0: Ball
2-0: Fly out, F8 (Flyball, 78D, EV 91.9 MPH)
Bottom of the 7th over - 0 runs, 2 hits, 0 errors, 3 left on base; Long Island 4 - Southern Maryland 3
TOP OF THE 8TH
Long Island Ducks batting - Pitching for Southern Maryland Blue Crabs : RHP Rich Raddatz
Pitching: LHP Mike Broschart
Batting: RHB Mike Gregory 0-0: Ground out 5-3 (Groundball, 5S, EV 68.8 MPH)
Batting: RHB Cory Alongi 0-0: Ball
1-0: Called Strike
1-1: Foul Ball, location: 2F
1-2: Strikes out swinging
Batting: RHB Jason Bidwell 0-0: Called Strike
0-1: Foul Ball, location: 2F
0-2: Ball
1-2: Foul Ball, location: 2F
1-2: Ball
2-2: Foul Ball, location: 2F
2-2: Ball
3-2: Strikes out swinging
Top of the 8th over - 0 runs, 0 hits, 0 errors, 0 left on base; Long Island 4 - Southern Maryland 3
BOTTOM OF THE 8TH
Southern Maryland Blue Crabs batting - Pitching for Long Island Ducks : RHP Andy Markle
Batting: RHB Joe Sabella 0-0: Ball
1-0: Ball
2-0: Called Strike
2-1: Ball
3-1: Base on Balls
Batting: RHB Nelson Chavez 0-0: Bunted foul
0-1: Sac Bunt to 25 - play at first, batter OUT! 5-4
Joe Sabella to second
Batting: LHB Jonathan Ramires 0-0: Foul Ball, location: 2F
0-1: Foul Ball, location: 2F
0-2: Ball
1-2: Ball
2-2: Fly out, F5 (Flyball, 56D, EV 86.3 MPH)
Batting: RHB Diego Santana 0-0: Called Strike
0-1: Called Strike
0-2: Foul Ball, location: 2F
0-2: Ball
1-2: Ground out 5-3 (Groundball, 5S, EV 70.0 MPH)
Bottom of the 8th over - 0 runs, 0 hits, 0 errors, 1 left on base; Long Island 4 - Southern Maryland 3
TOP OF THE 9TH
Long Island Ducks batting - Pitching for Southern Maryland Blue Crabs : LHP Mike Broschart
Pitching: RHP Osvaldo Frighetto
Batting: RHB Mike Mehlhorn 0-0: Called Strike
0-1: Ball
1-1: Foul Ball, location: 2F
1-2: Ball
2-2: Ball
3-2: Base on Balls
Batting: LHB Travis Magiera 0-0: Ball
1-0: Sac Bunt to 25 - play at first, batter OUT! 5-4
Mike Mehlhorn to second
Batting: RHB Jesse Norris 0-0: Ball
1-0: Called Strike
1-1: Foul Ball, location: 2F
1-2: Ball
2-2: Strikes out swinging
Batting: LHB Travis Cairns 0-0: Ball
1-0: Ball
2-0: Foul Ball, location: 2F
2-1: Swinging Strike
2-2: Ball
3-2: Foul Ball, location: 2F
3-2: Strikes out swinging
Top of the 9th over - 0 runs, 0 hits, 0 errors, 1 left on base; Long Island 4 - Southern Maryland 3
BOTTOM OF THE 9TH
Southern Maryland Blue Crabs batting - Pitching for Long Island Ducks : RHP Andy Markle
Pitching: RHP Doug Cherry
Batting: LHB Mike Morrison 0-0: Called Strike
0-1: Called Strike
0-2: Ball
1-2: Ball
2-2: Ball
3-2: SINGLE (Groundball, 6MD, EV 100.0 MPH)
Batting: RHB Greg Bares 0-0: Foul Ball, location: 2F
0-1: Fly out, F4 (Popup, 3D, EV 68.1 MPH)
Batting: LHB Brian McCarver 0-0: Ball
1-0: Ball
2-0: Called Strike
2-1: SINGLE (Line Drive, 78D, EV 102.5 MPH)
Mike Morrison to second
Batting: RHB Shane Attard 0-0: Reached via error on a dropped throw from 2B, E6 (Groundball, 34D, EV 83.8 MPH)
Mike Morrison to third
Brian McCarver to second
Batting: SHB Alex Chavez 0-0: Called Strike
0-1: Ball
1-1: Ball
2-1: Foul Ball, location: 2F
2-2: Strikes out swinging
Batting: RHB Joe Sabella 0-0: Called Strike
0-1: Ball
1-1: Foul Ball, location: 2F
1-2: Ball
2-2: Fly out, F7 (Flyball, 7LM, EV 96.3 MPH)
Bottom of the 9th over - 0 runs, 2 hits, 1 error, 3 left on base; Long Island 4 - Southern Maryland 3
Tuesday, October 26th , 2021 - OOTP Baseball 22.10 Build 79